 Dungeon Crawl Stone Soup version 0.28.0 (webtiles) character file.

Game seed: 3850978796008754534

373 trckry the Conjurer (level 6, -6/45 HPs)
             Began as a Draconian Conjurer on Feb 7, 2022.
             Killed by nerve-wracking pain
             ... invoked by a shadow imp
              (8 damage)
             ... in a sewer.
             The game lasted 00:12:35 (2915 turns).

trckry the Conjurer (Draconian Conjurer)            Turns: 2915, Time: 00:12:36

Health: -6/45      AC:  6    Str: 13    XL:     6   Next: 43%
Magic:  7/11       EV: 12    Int: 20    God:
Gold:   74         SH:  0    Dex: 15    Spells: 9/12 levels left

rFire   + . .      SeeInvis .   m - +5 dagger of Dithmenos's Vengeance {flame, rF+ Str+3 Dex+6 Stlth+}
rCold   . . .      Faith    .   (no shield)
rNeg    . . .      Spirit   .   (armour unavailable)
rPois   .          Reflect  .   (helmet restricted)
rElec   .          Harm     .   (no cloak)
rCorr   +          Rampage  .   (no gloves)
Will    .....                   (no boots)
Stlth   +++.......              (no amulet)
HPRegen 0.15/turn               g - ring of resist corrosion
MPRegen 0.12/turn               (no ring)

@: no status effects
A: AC +6, unfitting armour, cold-blooded
a: no special abilities


You were in a sewer.
You visited 1 branch of the dungeon, and saw 3 of its levels.
You also visited: Sewer.

You collected 74 gold pieces.

Inventory:

Hand Weapons
 m - the +5 dagger of Dithmenos's Vengeance (weapon) {flame, rF+ Str+3 Dex+6 Stlth+}
   (You found it on level 3 of the Dungeon)

   It burns those it strikes, dealing additional fire damage.
   Str:       It affects your strength (+3).
   Dex:       It affects your dexterity (+6).
   rF:        It protects you from fire.
   Stlth:     It makes you more stealthy.
Missiles
 f - 11 poisoned darts
Jewellery
 g - a ring of resist corrosion (left hand)
 i - a ring of fire
 l - a ring of protection from cold
Scrolls
 a - a scroll of vulnerability {unknown}
 b - a scroll of fear {unknown}
 k - a scroll of enchant weapon {unknown}
Potions
 d - a potion of might {unknown}
 e - 2 potions of attraction {unknown}
 j - a potion of flight {unknown}


   Skills:
 - Level 2.0 Dodging
 - Level 2.0 Stealth
 + Level 3.9 Spellcasting
 * Level 6.7 Conjurations


You had 9 spell levels left.
You knew the following spells:

 Your Spells              Type           Power      Damage    Failure   Level
a - Magic Dart            Conj           100%       1d8       1%          1
b - Searing Ray           Conj           60%        2d6       1%          2

Your spell library contained the following spells:

 Spells                   Type           Power      Damage    Failure   Level
 Dazzling Flash           Conj/Hex       34%        N/A       10%         3
 Sublimation of Blood     Necr           3%         N/A       21%         2
 Wereblood                Tmut           3%         N/A       21%         2
 Fulminant Prism          Conj/Hex       8%         3d7       32%         4
 Iskenderun's Mystic Bla  Conj/Tloc      17%        2d5       32%         4
 Summon Hydra             Summ           1%         N/A       100%        7


Dungeon Overview and Level Annotations

Branches:
Dungeon (3/15)              Sewer (1/1)

Altars:
Trog

Shops:
D:3 [


Innate Abilities, Weirdness & Mutations

Your plain brown scales are hard. (AC +6)
You cannot fit into any form of body armour.
You are cold-blooded and may be slowed by cold attacks.


Message History

You closely miss the shadow imp.
The shadow imp is heavily wounded.
The shadow imp gestures at you.
You barely resist. You barely miss the shadow imp.
The shadow imp is heavily wounded.
The shadow imp hits you.
You barely miss the shadow imp.
The shadow imp is heavily wounded.
The shadow imp gestures at you. Pain shoots through your body!
You closely miss the shadow imp.
The shadow imp is heavily wounded.
The shadow imp hits you.
You hit the shadow imp. You burn the shadow imp.
The shadow imp is severely wounded.
The shadow imp gestures at you. Pain shoots through your body!
You hit the shadow imp but do no damage.
The shadow imp is severely wounded.
The shadow imp barely misses you.
Casting: Magic Dart (safe; 1% risk of failure)
Confirm with . or Enter, or press ? or * to list all spells.
Aiming: Searing Ray (safe; 1% risk of failure)
Press: ? - help, Shift-Dir - straight line, f - shadow imp
Aim: a shadow imp (severely wounded, 77% to hit)
The searing ray hits the shadow imp.
The shadow imp is almost dead. (Press . to maintain the ray.)
The shadow imp hits you.
* * * LOW HITPOINT WARNING * * *
The searing ray misses the shadow imp.
The shadow imp picks up a beetle and eats it.
The shadow imp gestures at you. Pain shoots through your body!
* * * LOW HITPOINT WARNING * * *
The searing ray misses the shadow imp.
The shadow imp gestures at you. Pain shoots through your body!
You die...

##### ##...##
#..∩..# #).∩..#
#.....# ##...##
################.###
#...........5@.....#
≈.≈.≈≈≈...≈≈≈≈≈.≈≈≈#
#.≈≈≈≈≈≈≈≈≈≈≈≈≈≈≈≈≈#
#.≈K################
#.. #. #


You could see a shadow imp.

Vanquished Creatures
  A phantom (D:3)
  A scorpion (D:3)
  An orc priest (D:3)
  Natasha (thrice) (D:2)
  An orc wizard (D:3)
  Robin (D:2)
  3 adders
  A worm (D:3)
  2 dart slugs
  2 orcs (D:3)
  3 ball pythons
  2 bats
  7 endoplasms
  2 giant cockroaches
  13 goblins
  8 hobgoblins
  7 jackals
  A quokka (D:2)
  2 frilled lizards (D:2)
  A giant cockroach zombie (Sewer)
  4 kobolds
  5 rats
71 creatures vanquished.

Vanquished Creatures (others)
  2 plants (D:1)
2 creatures vanquished.

Grand Total: 73 creatures vanquished

Notes
Turn   | Place    | Note
-------+----------+-------------------------------------------
     0 | D:1      | trckry the Draconian Conjurer began the quest for the Orb.
     0 | D:1      | Reached XP level 1. HP: 14/14 MP: 3/3
   407 | D:1      | Reached XP level 2. HP: 20/20 MP: 3/5
   412 | D:1      | Learned a level 2 spell: Searing Ray
  1068 | D:2      | Reached XP level 3. HP: 26/26 MP: 2/6
  1327 | D:2      | Noticed Robin
  1487 | D:2      | Killed Robin
  1488 | D:2      | Reached skill level 5 in Conjurations
  1488 | D:2      | Reached XP level 4. HP: 15/33 MP: 1/8
  2026 | D:2      | Noticed Natasha
  2031 | D:2      | Killed Natasha
  2250 | D:2      | Noticed Natasha
  2255 | D:2      | Killed Natasha
  2256 | D:2      | Reached XP level 5. HP: 33/38 MP: 3/9
  2387 | D:2      | Noticed Natasha
  2390 | D:2      | Killed Natasha
  2467 | D:3      | Found a bloodstained altar of Trog.
  2560 | D:3      | Found Yseynu's Armour Boutique.
  2585 | D:3      | Identified the +5 dagger of Dithmenos's Vengeance {flame,
                  | rF+ Str+3 Dex+6 Stlth+}
  2616 | D:3      | Noticed a phantom
  2625 | D:3      | Killed a phantom
  2626 | D:3      | Reached skill level 6 in Conjurations
  2723 | D:3      | Reached XP level 6. HP: 36/45 MP: 1/11
  2778 | D:3      | Found a glowing drain.
  2879 | Sewer    | Entered a sewer
  2914 | Sewer    | HP: 1/45 [shadow imp/nerve-wracking pain (11)]
  2915 | Sewer    | Killed from afar by a shadow imp

Illustrated notes

Levels and vault maps discovered:
D:1:      dpeg_arrival_snail, layout_rooms, serial_forest,
          infiniplex_forest_split, infiniplex_forest_clump_small,
          infiniplex_forest_clump_C, infiniplex_forest_zigzag_1,
          infiniplex_forest_clump_double, infiniplex_forest_clump_long,
          infiniplex_forest_clump_long, infiniplex_forest_clump_small,
          chequers_decorated_corner, minmay_misc_feat_rugged
D:2:      layout_rooms, uniq_natasha, uniq_robin
D:3:      layout_loops_ring, lemuel_doored_altar, serial_shops,
          nicolae_shop_temple_entry_statues_fountains,
          cheibrodos_sewer_entry_bend
Sewer:    kennysheep_sewer_church

Skill      XL: |  1  2  3  4  5 |
---------------+----------------+-----
Stealth        | 2 |  2.0
Dodging        | 2 |  2.0
Conjurations   | 5 6 |  6.7
Spellcasting   | 3 |  3.9

Action                   |  1- 3 |  4- 6 || total
-------------------------+-------+-------++-------
Melee: Hand axe          |     8 |       ||     8
       Mace              |     1 |    13 ||    14
       Tailslap          |     1 |     1 ||     2
       Dagger            |       |    23 ||    23
 Cast: Magic Dart        |    68 |    31 ||    99
       Searing Ray       |     2 |     8 ||    10
 Stab: Sleeping          |       |     2 ||     2
Armor: Skin              |    17 |     9 ||    26
Dodge: Dodged            |    22 |    27 ||    49
